 Dungeon Crawl Stone Soup version 0.31-a0-1626-g5cb510d322 (webtiles) character file.

Game seed: 18325806414433964106

220 Ivernyr the Shield-Bearer (level 6, -6/49 HPs)
             Began as a Formicid Fighter on Jan 12, 2024.
             Killed from afar by Ijyb (17 damage)
             ... with a bolt of light
             ... on level 3 of the Dungeon.
             The game lasted 00:06:11 (2444 turns).

Ivernyr the Shield-Bearer (Formicid Fighter)        Turns: 2444, Time: 00:06:12

Health: -6/49      AC:  8    Str: 23    XL:     6   Next: 18%
Magic:  6/6        EV:  9    Int:  7    God:
Gold:   112        SH:  0    Dex: 13    Spells: 5/5 levels left

rFire   . . .        a - +0 quarterstaff
rCold   . . .        c - +0 buckler
rNeg    . . .        b - +0 scale mail
rPois   .            (helmet unavailable)
rElec   .            (no cloak)
rCorr   .            (no gloves)
SInv    +            n - +0 pair of boots
Will    .....        h - amulet of reflection Stlth
                     (no ring)
HPRegen 0.28/turn    (no ring)
MPRegen 0.10/turn

%: reflection
@: confused
A: permanent stasis, dig shafts and tunnels, antennae 3, four strong arms
a: Dig, Shaft Self


You were on level 3 of the Dungeon.
You visited 1 branch of the dungeon, and saw 3 of its levels.

You collected 132 gold pieces.
You spent 20 gold pieces at shops.

Inventory:

Hand Weapons
 a - a +0 quarterstaff (weapon)
Armour
 b - a +0 scale mail (worn)
 c - a +0 buckler (worn)
 n - a +0 pair of boots (worn)
Jewellery
 h - an amulet of reflection (around neck)
Scrolls
 i - 4 scrolls of amnesia
 o - a scroll of fear
 p - a scroll of enchant armour
Potions
 d - a potion of might
 f - 2 potions of curing
 g - a potion of cancellation
 k - a potion of degeneration {unknown}
 l - a potion of attraction {unknown}


   Skills:
 + Level 4.4 Fighting
 + Level 3.4 Staves
 + Level 4.5 Armour
 + Level 5.4 Shields


You had 5 spell levels left.
You didn't know any spells.
Your spell library contained the following spells:

 Spells                   Type           Power      Damage    Failure   Level
 Sublimation of Blood     Necr           0%         N/A       90%         2
 Gell's Gravitas          Tloc           0%         N/A       99%         3
 Teleport Other           Tloc           0%         N/A       99%         3
 Petrify                  Alch/Erth      0%         N/A       100%        4
 Irradiate                Conj/Alch      0%         3d11      100%        5
 Dispersal                Tloc           0%         N/A       100%        6


Dungeon Overview and Level Annotations

Branches:
Dungeon (3/15)

Altars:

Shops:
D:3 **:?

Annotations:
D:3 Ijyb


Innate Abilities, Weirdness & Mutations

You cannot be hasted, slowed, berserked, paralysed or teleported.
You can dig through walls and to a lower floor.
You have a pair of large antennae on your head. (SInv)
Your four strong arms can wield two-handed weapons with a shield.


Message History

Robin laughs in a distinctly smug fashion.
Robin throws Ijyb at you! You block Ijyb's attack.
The goblin hits you with a +0 dagger.
You sock Robin!
Robin is almost dead.
Robin hits you with a +0 mace. Ijyb barely misses you.
The goblin hits you but does no damage.
You hit Robin.
You kill Robin!
You block Ijyb's attack. You block the goblin's attack.
You closely miss the goblin. You block the goblin's attack.
Ijyb barely misses you. The goblin barely misses you.
You barely miss the goblin. You block the goblin's attack.
Ijyb hits you with a +0 club! The goblin hits you but does no damage.
You miss the goblin.
The goblin no longer looks unusually strong. x2
You block the goblin's attack. You block Ijyb's attack.
The goblin hits you but does no damage. x2; Ijyb zaps a wand.
The bolt of light hits you! The goblin hits you but does no damage.
You closely miss Ijyb. The goblin hits you with a +0 dagger.
Ijyb grins evilly.
Ijyb zaps a wand.
The bolt of light hits you!
You are confused.
* * * LOW HITPOINT WARNING * * *
The goblin hits you but does no damage.
Ijyb no longer looks unusually strong.
The goblin attacks as it pursues you! The goblin hits you but does no damage.
Ijyb zaps a wand.
The bolt of light misses you.
The bolt of light hits the goblin!
The goblin dies!
Unknown command.
You are too confused!
Ijyb hits you with a +0 club.
* * * LOW HITPOINT WARNING * * *
Unknown command.
You are too confused!
You bump into the rock wall.
You feel less confused.
Ijyb zaps a wand.
The bolt of light hits you!
You are confused.
You die...

##................
####.....#######.. ##
##...## #.... g.
##.## #.#.# .# #.#
#.#.# .# #.# #.#.# .#
##'## #.#.# .#
##...## #.#)###.#
##.....## #.@gg)..#
##.......## ###g#####
###.........####...##
..+.........+.......#
###...♣.....####...##
##♣.∩.♣..######.###
#.♣...###.......#
##...## #.###.#.#
##'## #)# #.#.#


You could see Ijyb and 2 goblins.

Vanquished Creatures
  Sigmund (D:3)
  Robin (D:3)
  A ribbon worm (D:2)
  A dart slug (D:2)
  3 orcs (D:3)
  5 ball pythons
  4 bats
  3 endoplasms (D:1)
  3 giant cockroaches
  7 goblins
  7 hobgoblins
  4 jackals (D:3)
  5 frilled lizards
  A kobold (D:3)
  2 rats (D:1)
48 creatures vanquished.

Vanquished Creatures (others)
  A goblin (D:3)
1 creature vanquished.

Grand Total: 49 creatures vanquished

Notes
Turn   | Place    | Note
-------+----------+-------------------------------------------
     0 | D:1      | Ivernyr the Formicid Fighter began the quest for the Orb.
     0 | D:1      | Reached XP level 1. HP: 18/18 MP: 1/1
   199 | D:1      | Reached XP level 2. HP: 24/24 MP: 2/2
   938 | D:2      | Reached XP level 3. HP: 29/29 MP: 3/3
  1875 | D:3      | Found Maegoliq's General Store.
  1996 | D:3      | Reached XP level 4. HP: 32/37 MP: 4/4
  2020 | D:3      | Found Ziokem's Assorted Antiques.
  2276 | D:3      | Found Litruura's Book Emporium.
  2286 | D:3      | Found Vept's Magic Scroll Shop.
  2293 | D:3      | Bought a scroll of identify for 20 gold pieces
  2316 | D:3      | Noticed Sigmund
  2330 | D:3      | Killed Sigmund
  2331 | D:3      | Reached skill level 5 in Shields
  2331 | D:3      | Reached XP level 5. HP: 26/43 MP: 5/5
  2331 | D:3      | Reached XP level 6. HP: 29/49 MP: 6/6
  2425 | D:3      | Noticed Robin
  2427 | D:3      | Noticed Ijyb
  2437 | D:3      | Killed Robin
  2444 | D:3      | Killed from afar by Ijyb

Illustrated notes

Levels and vault maps discovered:
D:1:      dpeg_arrival_prison, layout_loops_cross, hangedman_decor_opposing
D:2:      layout_basic
D:3:      layout_loops_corners, gammafunk_temple_overflow_statue, serial_shops,
          nicolae_shop_trees, shop, nicolae_shop_tiny_real_fake_doors,
          nicolae_shop_rolling_square, nicolae_shop_gaudy_bauble,
          glass_columns_a, minmay_puff, uniq_robin, uniq_ijyb, uniq_sigmund

Skill      XL: |  1  2  3  4 |
---------------+-------------+-----
Fighting       | 4 |  4.4
Staves         | 3 |  3.4
Armour         | 4 |  4.5
Shields        | 5 |  5.4

Action                     |  1- 3 |  4- 6 || total
---------------------------+-------+-------++-------
  Melee: Quarterstaff      |   126 |    49 ||   175
Ability: Dig               |     1 |       ||     1
    Use: Scroll            |       |     7 ||     7
 Armour: Scale mail        |    71 |    39 ||   110
  Dodge: Dodged            |    49 |    15 ||    64
  Block: Buckler           |    50 |    19 ||    69

Table legend: (Time is in decaauts)
 A = Elapsed time spent in this place.
 B = Non-inter-level travel time spent in this place.
 C = Inter-level travel time spent in this place.
 D = Time resting spent in this place.
 E = Time spent auto-exploring this place.
 F = Levels seen in this place.
 G = Mean time per level.
                   A        B        C        D        E       F      G
               +--------+--------+--------+--------+--------+-----+--------+
         Total |   2479 |   2438 |     41 |     69 |   1884 |   3 |  826.3 |
       Dungeon |   2479 |   2438 |     41 |     69 |   1884 |   3 |  826.3 |
               +--------+--------+--------+--------+--------+-----+--------+

Top non-repeatable levels by time:
     D:2: 961 daAuts
     D:3: 850 daAuts
     D:1: 668 daAuts
